 Dungeon Crawl Stone Soup version 0.24-a0-130-ga3c21ff (webtiles) character file.

Game seed: 0

665 Mgcat the Skirmisher (level 7, -1/60 HPs)
             Began as a Centaur Berserker on Feb 26, 2019.
             Was a Priest of Trog.
             Killed by divine providence
             ... invoked by an orc priest
              (12 damage)
             ... on level 5 of the Dungeon.
             The game lasted 00:10:37 (4097 turns).

Mgcat the Skirmisher (Centaur Berserker)            Turns: 4097, Time: 00:10:37

Health: -1/60      AC:  3    Str: 22    XL:     7   Next: 31%
Magic:  7/7        EV:  2    Int:  6    God:    Trog [***...]
Gold:   235        SH:  7    Dex: 10    Spells: 6/6 levels left

rFire    . . .     SeeInvis .   a - +1 hand axe
rCold    . . .     Gourm    .   t - +0 shield
rNeg     . . .     Faith    .   p - +0 plate armour
rPois    .         Spirit   .   (no helmet)
rElec    .         Reflect  .   g - +0 cloak
rCorr    .         Harm     .   j - +0 pair of gloves
MR       .....                  (no barding)
Stlth    ..........             i - amulet of magic regeneration
HPRegen  0.20/turn              (no ring)
MPRegen  0.35/turn              (no ring)

@: corroded, very quick
A: large, hooves 3, thin skeletal structure 1, deformed body, deterioration 1,
speed 2, tough skin 3, MP-powered wands
a: Berserk, Trog's Hand, Renounce Religion


You were on level 5 of the Dungeon.
You worshipped Trog.
Trog was most pleased with you.
You were not hungry.

You visited 1 branch of the dungeon, and saw 5 of its levels.
You also visited: Ossuary.

You collected 235 gold pieces.

Inventory:

Hand Weapons
 a - a +1 hand axe (weapon)
Armour
 g - a +0 cloak (worn)
   (You found it on level 1 of the Dungeon)
 j - a +0 pair of gloves (worn)
   (You found it on level 2 of the Dungeon)
 p - a +0 plate armour (worn)
   (You found it on level 3 of the Dungeon)
 t - a +0 shield (worn)
   (You found it on level 5 of the Dungeon)
Jewellery
 i - an amulet of magic regeneration (around neck)
   (You found it on level 4 of the Dungeon)
Wands
 r - a wand of acid (12)
   (You found it on level 4 of the Dungeon)
 s - a wand of iceblast (7)
   (You found it on level 4 of the Dungeon)
Scrolls
 e - 2 scrolls of fear
 f - 2 scrolls of enchant weapon
 l - 6 scrolls of remove curse
 o - 3 scrolls of teleportation
Potions
 b - a potion of lignification {!q}
 h - 3 potions of magic
 k - 4 potions of heal wounds {unknown}
 m - a potion of ambrosia
 n - 2 potions of curing
 q - 4 potions of might
 u - a potion of cancellation
 v - a potion of haste
Comestibles
 c - 9 rations
 d - 7 chunks of flesh {@w0}


   Skills:
 + Level 4.9 Fighting
 + Level 4.5 Axes
 + Level 3.2 Armour
 + Level 3.3 Dodging


You had 6 spell levels left.
You didn't know any spells.
Your spell library was empty.

Dungeon Overview and Level Annotations

Branches:
Dungeon (5/15)
 Temple: D:4-7

Altars:
Elyvilon
Sif Muna
Trog

Annotations:
D:4 3 runed translucent doors, Arum's ghost, novice FoFi; Duffy's ghost, amateur NaGl; Halfwit's ghost, amateur DrCj; Voker57's ghost, novice DsGl


Innate Abilities, Weirdness & Mutations

You have hooves in place of feet.
Armour fits poorly on your strangely shaped body.
You cover ground very quickly.
You have extremely tough skin. (AC +3)
You have a somewhat thin skeletal structure. (Dex +2, Stealth)
Your body sometimes deteriorates upon taking damage.
You expend magic power (3 MP) to strengthen your wands.


Message History

The scorpion is almost dead.
The scorpion stings you.
You take 4 damage, and have 38/60 hp.
You hit the scorpion.
You kill the scorpion!
Trog accepts your kill.
You see here a scorpion corpse.
You start resting.
HP restored.
You regained 12 hp, and now have 51/60 hp.
You butcher the gnoll corpse.
d - 2 chunks of flesh {@w0} You butcher the gnoll corpse.
d - 6 chunks of flesh {@w0} (gained 4)
Items here: ))) ÷÷ a +0 whip; a +0 flail; a +0 club; a gnoll skeleton x2
Items here: ))) ÷÷ a +0 whip; a +0 flail; a +0 club; a gnoll skeleton x2
Eating one of 6 chunks of flesh {@w0}.
You eat one of the 6 chunks of flesh {@w0}.
This raw flesh tastes terrible.
You are feeling hungry.
Eating one of 5 chunks of flesh {@w0}.
You eat one of the 5 chunks of flesh {@w0}.
This raw flesh tastes terrible.
Things that are here:
a +0 flail; a gnoll corpse You butcher the gnoll corpse.
d - 7 chunks of flesh {@w0} (gained 3)
Things that are here:
a +0 flail; a gnoll skeleton
Things that are here:
a +0 flail; a gnoll skeleton
Items here: ))) ÷÷ a +0 whip; a +0 flail; a +0 club; a gnoll skeleton x2
You see here a scorpion corpse.
Key pressed, stopping explore.
Key pressed, stopping explore.
h - 3 potions of magic (gained 2)
An orc priest comes into view.
It is wielding a +0 dagger and carrying a wand of acid (11).
You regained 2 hp, and now have 54/60 hp.
Spoiler Alert: The orc priest can smite you!
An orc priest is nearby! 2 orcs come into view.
The orc shouts! x2
The orc priest hits you but does no damage.
You hit the orc priest.
The orc priest is moderately wounded.
The orc priest zaps a wand.
The bolt of acid hits you. The acid corrodes you!
You are splashed with acid!
You take 12 damage, and have 43/60 hp.
Spoiler Alert: The orc priest can smite you!
You are too injured to fight recklessly!
You are too injured to fight recklessly!
You are too injured to fight recklessly!
You are too injured to fight recklessly!
You are too injured to fight recklessly!
You hit the orc priest. You kick the orc priest.
The orc priest is severely wounded.
The orc priest calls down the wrath of Beogh upon you.
Pain shoots through your body!
The orc priest hits you but does no damage.
You take 1 damage, and have 42/60 hp.
Spoiler Alert: The orc priest can smite you!
You completely miss the orc priest. Your kick misses the orc priest.
The orc priest is severely wounded.
The orc priest begins to cast a cantrip, but forgets the words!
You hit the orc priest but do no damage.
Your kick misses the orc priest.
The orc priest is heavily wounded.
The orc priest hits you but does no damage.
Spoiler Alert: The orc priest can smite you!
You hit the orc priest. Your kick misses the orc priest.
The orc priest is almost dead.
The orc priest zaps a wand.
The bolt of acid hits you! The acid corrodes you!
You are splashed with acid!
You take 23 damage, and have 20/60 hp.
MASSIVE DAMAGE!!
You closely miss the orc. x2; You closely miss the orc priest.
You block the orc's attack. You block the orc priest's attack.
You block the orc's attack.
Spoiler Alert: The orc priest can smite you!
You hit the orc priest but do no damage.
The orc priest is severely wounded.
You hit the orc. You hit the orc but do no damage. You block the orc's attack.
The orc priest casts a cantrip, but nothing happens.
The orc hits you with a +0 dagger.
* * * LOW HITPOINT WARNING * * *
You take 3 damage, and have 17/60 hp.
Spoiler Alert: The orc priest can smite you!
You closely miss the orc priest.
You kick the orc priest, but do no damage.
The orc priest is severely wounded.
Your shield and plate armour prevent you from hitting the orc.
You hit the orc but do no damage. The orc hits you with a +0 hand axe.
* * * LOW HITPOINT WARNING * * *
You block the orc priest's attack. You block the orc's attack.
The orc barely misses you.
The orc priest calls down the wrath of Beogh upon you.
Beogh smites you!
You die...

.........# #
#.#..........#
#.#............## ##
#.#.............######≈
#.....)................
##......................
........................
......o.................
......o@................
......o.................
........................
........................
........................
........................
........................
.#......................
#......................


You could see an orc priest and 2 orcs.

Vanquished Creatures
  3 water moccasin zombies (Ossuary)
  2 scorpions (D:5)
  A howler monkey (D:5)
  A bullfrog skeleton (D:4)
  2 worker ants
  2 big kobold zombies (Ossuary)
  A hound skeleton (D:5)
  2 mummies (Ossuary)
  6 adders
  4 gnolls (D:5)
  A howler monkey skeleton (D:4)
  5 adder zombies (Ossuary)
  5 worms
  2 dart slugs
  4 leopard geckos
  2 orcs (D:4)
  4 bats
  3 giant cockroaches
  8 hobgoblins
  3 jackals (D:3)
  3 kobolds
  2 quokkas
  A ball python (D:2)
  5 frilled lizards
  A gnoll zombie (Ossuary)
  5 goblins
  5 hobgoblin zombies (Ossuary)
  4 kobold zombies (Ossuary)
  10 orc zombies (Ossuary)
  7 rats
104 creatures vanquished.

Notes
Turn   | Place    | Note
-------+----------+-------------------------------------------
     0 | D:1      | Mgcat the Centaur Berserker began the quest for the Orb.
     0 | D:1      | Reached XP level 1. HP: 19/19 MP: 1/1
   444 | D:1      | Reached XP level 2. HP: 26/26 MP: 2/2
   868 | D:2      | Reached skill level 3 in Axes
   979 | D:2      | Reached ** piety under Trog
  1067 | D:2      | Reached XP level 3. HP: 31/31 MP: 3/3
  1228 | D:2      | Reached skill level 2 in Dodging
  1480 | D:2      | Found a white marble altar of Elyvilon.
  1643 | D:3      | Reached skill level 2 in Armour
  1643 | D:3      | Reached XP level 4. HP: 38/38 MP: 4/4
  1904 | D:3      | Found a deep blue altar of Sif Muna.
  2573 | D:4      | Gained mutation: Your body sometimes deteriorates upon
                  | taking damage. [potion of mutation]
  2573 | D:4      | Gained mutation: You have a somewhat thin skeletal
                  | structure. (Dex +2, Stealth) [potion of mutation]
  2573 | D:4      | Gained mutation: You expend magic power (3 MP) to
                  | strengthen your wands. [potion of mutation]
  2605 | D:4      | Reached XP level 5. HP: 45/46 MP: 5/5
  2787 | D:4      | Found a bloodstained altar of Trog.
  2939 | D:4      | Found a runed translucent gate.
  2939 | D:4      | Found a runed translucent gate.
  2939 | D:4      | Found a runed translucent gate.
  2939 | D:4      | Noticed Arum's ghost (novice FoFi)
  2940 | D:4      | Noticed Voker57's ghost (novice DsGl)
  2941 | D:4      | Noticed Duffy's ghost (amateur NaGl)
  2944 | D:4      | Noticed Halfwit's ghost (amateur DrCj)
  3258 | D:5      | Entered Level 5 of the Dungeon
  3269 | D:5      | Reached skill level 4 in Fighting
  3289 | D:5      | Found a sand-covered staircase.
  3293 | Ossuary  | Entered an ossuary
  3373 | Ossuary  | Reached *** piety under Trog
  3410 | Ossuary  | Reached XP level 6. HP: 38/52 MP: 6/6
  3411 | Ossuary  | Received a gift from Trog
  3466 | Ossuary  | Reached skill level 4 in Axes
  3552 | Ossuary  | Reached skill level 3 in Dodging
  3784 | D:5      | Identified a scroll of acquirement
  3814 | D:5      | Reached skill level 3 in Armour
  3814 | D:5      | Reached XP level 7. HP: 60/60 MP: 7/7
  4097 | D:5      | HP: 11/60 [orc/+0 hand axe (6)]
  4097 | D:5      | Killed from afar by an orc priest

Levels and vault maps discovered:
D:1:      lemuel_arrival_rhombus, layout_loops_ring
D:2:      minmay_skewed_foursquare, layout_rooms, elyvilon_altar_3
D:3:      minmay_angry_zag, layout_loops_ring, old_standard_altar
D:4:      layout_loops_ring, gammafunk_ghost_cemetery, first_ration,
          trog_butcher_becter
D:5:      layout_basic, lightli_temple_of_fire, eat_drink_and_be_merry_uskayaw,
          enter_ossuary_5
Ossuary:  ossuary_tomb_2

Skill      XL: |  1  2  3  4  5  6 |
---------------+-------------------+-----
Axes           | 3 4 |  4.5
Dodging        | 2 3 |  3.3
Armour         | 2 3 |  3.2
Fighting       | 4 |  4.9

Action                   |  1- 3 |  4- 6 |  7- 9 || total
-------------------------+-------+-------+-------++-------
Melee: Hand axe          |    85 |   203 |    35 ||   323
       Kick              |    18 |    60 |     9 ||    87
Invok: Berserk           |     1 |     4 |       ||     5
  Use: Scroll            |       |    16 |       ||    16
       Potion            |       |     1 |       ||     1
  Eat: Chunk             |     2 |     6 |     2 ||    10
       Ration            |       |     1 |       ||     1
Armor: Animal skin       |     3 |       |       ||     3
       Scale mail        |    15 |       |       ||    15
       Chain mail        |    14 |    24 |       ||    38
       Plate armour      |       |   110 |    14 ||   124
Dodge: Dodged            |    29 |    31 |     3 ||    63
Block: Shield            |       |    40 |    13 ||    53

Table legend:
 A = Non-vault XP
 B = Vault XP
 C = Vault XP percentage of total XP
 D = Non-vault monster count
 E = Vault monster count
 F = Vault count percentage of total count
                 A         B        C        D         E       F
            +---------+---------+-------+---------+---------+-------
      Total |     523 |     428 |  45.0 |      56 |      48 |  46.2
            +---------+---------+-------+---------+---------+-------
        D:1 |      23 |       0 |   0.0 |      13 |       0 |   0.0
        D:2 |      40 |      31 |  43.7 |      16 |       7 |  30.4
        D:3 |      34 |      23 |  40.4 |      10 |       5 |  33.3
        D:4 |     105 |       8 |   7.1 |       6 |       4 |  40.0
        D:5 |     321 |       0 |   0.0 |      11 |       0 |   0.0
    Ossuary |       0 |     366 | 100.0 |       0 |      32 | 100.0
            +---------+---------+-------+---------+---------+-------

Levels and vault maps discovered:
D:1:      lemuel_arrival_rhombus, layout_loops_ring
D:2:      minmay_skewed_foursquare, layout_rooms, elyvilon_altar_3
D:3:      minmay_angry_zag, layout_loops_ring, old_standard_altar
D:4:      layout_loops_ring, gammafunk_ghost_cemetery, first_ration,
          trog_butcher_becter
D:5:      layout_basic, lightli_temple_of_fire, eat_drink_and_be_merry_uskayaw,
          enter_ossuary_5
Ossuary:  ossuary_tomb_2

Table legend:
 A = Turns spent in this place as a percentage of turns spent in the entire game.
 B = Non-inter-level travel turns spent in this place as a percentage of non-inter-level travel turns spent in the entire game.
 C = Inter-level travel turns spent in this place as a percentage of turns spent in this place.
 D = Turns resting spent in this place as a percentage of non-inter-level travel turns spent in this place.
 E = Turns spent auto-exploring this place as a percentage of non-inter-level travel turns spent in this place.
 F = Non-inter-level travel turns spent in this place divided by the number of levels of this place that you've seen.
                   A       B       C       D       E      F
               +-------+-------+-------+-------+-------+----------------------
         Total | 100.0 | 100.0 |   4.6 |   8.7 |  72.8 | 651.2
       Dungeon |  89.4 |  88.9 |   5.2 |   7.7 |  75.5 | 694.4
       Ossuary |  10.6 |  11.1 |   0.0 |  16.6 |  51.5 | 435.0
               +-------+-------+-------+-------+-------+----------------------

Table legend:
 A = Kills in this place as a percentage of kills in entire the game.
 B = Kills by you in this place as a percentage of kills by you in the entire game.
 C = Kills by friends in this place as a percentage of kills by friends in the entire game.
 D = Other kills in this place as a percentage of other kills in the entire game.
 E = Experience gained in this place as a percentage of experience gained in the entire game.
 F = Experience gained in this place divided by the number of levels of this place that you have seen.
                   A       B       C       D       E      F
               +-------+-------+-------+-------+-------+----------------------
         Total | 100.0 | 100.0 |   N/A |   N/A | 100.0 | 158.5
       Dungeon |  69.2 |  69.2 |   N/A |   N/A |  61.5 | 117.0
       Ossuary |  30.8 |  30.8 |   N/A |   N/A |  38.5 | 366.0
               +-------+-------+-------+-------+-------+----------------------
